 Dungeon Sprint DCSS version 0.28-a0-8-g6e044cfa68 (webtiles) character file.

Game seed: 8910834897070707362

162877 mhtbhm the End of an Era (level 17, -6/149 (156) HPs)
             Began as a Merfolk Fighter on July 24, 2021.
             Was the Champion of Qazlal.
             Killed by a royal mummy's death curse (25 damage)
             ... in the Dungeon (Sprint V: "Ziggurat Sprint").
             The game lasted 00:12:32 (2417 turns).

mhtbhm the End of an Era (Merfolk Fighter)          Turns: 2417, Time: 00:12:33

HP:   -6/149 (156)  AC: 43    Str: 27    XL:     17   Next: 82%
MP:   22/34         EV:  7    Int: 12    God:    Qazlal [******]
Gold: 0             SH: 50    Dex: 14    Spells: 16/16 levels left

rFire   + . .      SeeInvis .   a - +12 lance "Wyrmbane" {slay drac, rPois rF+ rC+ AC+3}
rCold   + . .      Faith    .   c - +18 shield of the Gong {rElec rN+ Will+ EV-5}
rNeg    + . .      Spirit   .   b - +15 Maxwell's patent armour {-Cast -Tele rElec Will+ rCorr}
rPois   +          Reflect  +   F - +1 hat
rElec   +          Harm     .   (no cloak)
rCorr   +          Rampage  +   N - +2 pair of gloves {archery}
Will    +++..      NoTele   +   T - +2 pair of boots {rampage} Stlth +.........NoCast +
                                H - amulet of Totadieng {Reflect Int+3 SH+5}
HPRegen 0.34/turn               y - +6 ring of strength
MPRegen 0.24/turn               I - +4 ring of slaying

@: slowed, studying 2 skills, lightly drained, repel missiles, very slow
A: (nimble swimmer 2), mertail
a: Renounce Religion, Upheaval, Elemental Force, Disaster Area


You were in the Dungeon.
You worshipped Qazlal.
Qazlal was exalted by your worship.
You visited 1 branch

Inventory:

Hand Weapons
 a - the +12 lance "Wyrmbane" (weapon) {slay drac, rPois rF+ rC+ AC+3}
   (You found it in the Dungeon)

   It inflicts extra damage against dragons and draconians.
   AC:        It affects your AC (+3).
   rF:        It protects you from fire.
   rC:        It protects you from cold.
   rPois:     It protects you from poison.
 x - the +8 demon blade "Leech" {vamp, *Rage +Rage rN+}
   (You found it in the Dungeon)

   It heals its wielder for a portion of the damage dealt every time it strikes
   a living foe.
   rN:        It protects you from negative energy.
   +Rage:     It lets you go berserk.
   *Rage:     It may make you go berserk in combat.
 K - the +8 demon trident "Rift" {distort, reach+}
   (You found it in the Dungeon)

   It warps and distorts space around it, and may blink, banish, or inflict
   extra damage upon those it strikes.
   Unwielding it can cause banishment or high damage.
   It can reach especially far, and its reaching attacks ignore other creatures
   in the way.
Missiles
 t - 5 silver boomerangs (quivered)
 R - 16 silver javelins
Armour
 b - the +15 Maxwell's patent armour (worn) {-Cast -Tele rElec Will+ rCorr}
   (You found it in the Dungeon)

   rElec:     It insulates you from electricity.
   -Cast:     It prevents spellcasting.
   -Tele:     It prevents most forms of teleportation.
   rCorr:     It protects you from acid and corrosion.
   Will:      It increases your willpower.
 c - the +18 shield of the Gong (worn) {rElec rN+ Will+ EV-5}
   (You found it in the Dungeon)

   It is deafeningly noisy when blocking attacks.
   EV:        It affects your evasion (-5).
   rElec:     It insulates you from electricity.
   rN:        It protects you from negative energy.
   Will:      It increases your willpower.
 F - a +1 hat (worn)
 N - a +2 pair of gloves of archery (worn)
 T - a +2 pair of boots of rampaging (worn)
Jewellery
 y - a +6 ring of strength (left hand)
 H - the amulet of Totadieng (around neck) {Reflect Int+3 SH+5}
   (You took it off an efreet in the Dungeon)

   [amulet of reflection]

   It reflects blocked missile attacks.
   Int:       It affects your intelligence (+3).
   SH:        It affects your SH (+5).
 I - a +4 ring of slaying (right hand)
Wands
 A - a wand of mindburst (7)
 B - a wand of iceblast (2)
 C - a wand of acid (6)
Scrolls
 j - 4 scrolls of blinking
 o - 4 scrolls of amnesia
 p - 7 scrolls of fog
 q - a scroll of holy word
 r - 5 scrolls of identify
 s - 2 scrolls of fear
 v - a scroll of brand weapon
Potions
 d - 6 potions of might
 e - 9 potions of curing
 g - 8 potions of haste
 h - 5 potions of magic
 i - 2 potions of berserk rage
 k - 2 potions of brilliance
 l - a potion of invisibility
 m - 4 potions of resistance
 n - a potion of experience
Miscellaneous
 u - a tin of tremorstones (2/2)
 D - a piece from Xom's chessboard (15/15)
 E - a box of beasts
 J - a phantom mirror
 M - a condenser vane


   Skills:
 + Level 20.4 Fighting
 + Level 25.0 Polearms
 + Level 16.2 Armour
 + Level 10.0 Dodging
 + Level 19.2 Stealth
 O Level 27 Shields
 O Level 27 Invocations
 + Level 6.6 Evocations


You had 16 spell levels left.
You didn't know any spells.
Your spell library contained the following spells:

 Spells                   Type           Power      Damage    Failure   Level
 Beastly Appendage        Tmut           0%         N/A       89%         1
 Corona                   Hex            0%         N/A       89%         1
 Magic Dart               Conj           0%         1d3       89%         1
 Pain                     Necr           0%         1d4       89%         1
 Sting                    Tmut/Pois      0%         1d3       89%         1
 Blink                    Tloc           N/A        N/A       96%         2
 Passwall                 Tmut/Erth      0%         N/A       96%         2
 Poisonous Vapours        Pois/Air       0%         N/A       96%         2
 Searing Ray              Conj           0%         3d3       96%         2
 Slow                     Hex            0%         N/A       96%         2
 Sublimation of Blood     Necr           0%         N/A       96%         2
 Wereblood                Tmut           0%         N/A       96%         2
 Call Canine Familiar     Summ           0%         N/A       99%         3
 Confusing Touch          Hex            0%         N/A       99%         3
 Conjure Flame            Conj/Fire      0%         6-21      99%         3
 Frozen Ramparts          Ice            0%         1d2       99%         3
 Gell's Gravitas          Tloc           0%         N/A       99%         3
 Ignite Poison            Fire/Tmut/Pois 0%         N/A       99%         3
 Lesser Beckoning         Tloc           0%         N/A       99%         3
 Portal Projectile        Hex/Tloc       0%         N/A       99%         3
 Spider Form              Tmut/Pois      0%         N/A       99%         3
 Stone Arrow              Conj/Erth      0%         3d7       99%         3
 Swiftness                Air            0%         N/A       99%         3
 Teleport Other           Tloc           0%         N/A       99%         3
 Vampiric Draining        Necr           0%         2d6       99%         3
 Cause Fear               Hex            0%         N/A       100%        4
 Fulminant Prism          Conj/Hex       0%         3d6       100%        4
 Ice Form                 Ice/Tmut       0%         N/A       100%        4
 Leda's Liquefaction      Hex/Erth       0%         N/A       100%        4
 Olgreb's Toxic Radiance  Pois           0%         N/A       100%        4
 Passage of Golubria      Tloc           N/A        N/A       100%        4
 Petrify                  Tmut/Erth      0%         N/A       100%        4
 Sticky Flame             Conj/Fire      0%         2d3       100%        4
 Summon Ice Beast         Ice/Summ       0%         N/A       100%        4
 Agony                    Necr           0%         N/A       100%        5
 Bolt of Magma            Conj/Fire/Erth 0%         4d4       100%        5
 Excruciating Wounds      Necr           0%         N/A       100%        5
 Fireball                 Conj/Fire      0%         3d3       100%        5
 Irradiate                Conj/Tmut      0%         3d13      100%        5
 Iskenderun's Battlesphe  Conj           0%         2d6       100%        5
 Lightning Bolt           Conj/Air       0%         1d11      100%        5
 Metabolic Englaciation   Hex/Ice        0%         N/A       100%        5
 Silence                  Hex/Air        0%         N/A       100%        5
 Summon Mana Viper        Hex/Summ       0%         N/A       100%        5
 Conjure Ball Lightning   Conj/Air       0%         3x3d6     100%        6
 Invisibility             Hex            0%         N/A       100%        6
 Iron Shot                Conj/Erth      0%         9d1       100%        6
 Statue Form              Tmut/Erth      0%         N/A       100%        6
 Dragon Form              Tmut           0%         N/A       100%        7
 Monstrous Menagerie      Summ           0%         N/A       100%        7
 Orb of Destruction       Conj           0%         N/A       100%        7
 Spellforged Servitor     Conj/Summ      0%         N/A       100%        7
 Storm Form               Tmut/Air       0%         N/A       100%        7
 Disjunction              Tloc           0%         N/A       100%        8
 Lehudib's Crystal Spear  Conj/Erth      0%         10d2      100%        8
 Chain Lightning          Conj/Air       0%         N/A       100%        9
 Dragon's Call            Summ           0%         N/A       100%        9
 Fire Storm               Conj/Fire      0%         5d1       100%        9
 Shatter                  Erth           0%         3d5*      100%        9


Dungeon Overview and Level Annotations

Branches:
Dungeon (1/1)

Altars:
Ashenzari
Cheibriados
Dithmenos
Elyvilon
Fedhas
Gozag
Hepliaklqana
Kikubaaqudgha
Makhleb
Nemelex Xobeh
Okawaru
Qazlal
Ru
Sif Muna
Trog
Uskayaw
Vehumet
Wu Jian
Xom
Yredelemnul
Zin
The Shining One
Beogh
Jiyva
Lugonu


Innate Abilities, Weirdness & Mutations

((You are quick and stealthy near water. (Stealth+, EV+, Speed+++)))
Your lower body shifts to a powerful aquatic tail in water.


Message History

The emperor scorpion's corpse disappears in a puff of smoke!
The blast of rubble hits the death scarab!!
The death scarab is severely damaged.
The blast of rubble hits the death scarab!!!
You destroy the death scarab!
The death scarab's corpse disappears in a puff of smoke!
The blast of rubble hits the mummy!!!
You destroy the mummy!
Qazlal accepts your kill.
The blast of rubble hits the royal mummy!!!
You destroy the royal mummy!
Qazlal accepts your kill.
The blast of ice hits the royal mummy!
The royal mummy partially resists.
The royal mummy is almost destroyed.
The royal mummy is flash-frozen.
The blast of ice hits the royal mummy!!
The royal mummy partially resists.
You destroy the royal mummy!
Qazlal accepts your kill.
The emperor scorpion disappears in a puff of smoke! x2
The death scarab disappears in a puff of smoke! x3
The blast of ice hits the death scarab!!!
You destroy the death scarab!
The death scarab's corpse disappears in a puff of smoke!
Qazlal accepts your kill.
You feel a bit more experienced.
The blast of magma engulfs the death scarab!
You destroy the death scarab!
Qazlal accepts your kill.
You hear a sizzling sound!
The blast of magma engulfs the royal mummy!!
The royal mummy partially resists.
The royal mummy is almost destroyed.
You feel extremely nervous for a moment...
Your body is wracked with pain!
* * * LOW HITPOINT WARNING * * *
You feel extremely nervous for a moment...
You are engulfed in negative energy!
You partially resist.
You feel drained.
You feel extremely nervous for a moment...
Pain shoots through your body!!
You die...

▓........
..)§§§≈=[≈≈.)..▓...÷.[.÷
..§§§§M≈≈≈≈§≈.§▓......[.
.§≈§§§§≈≈≈≈≈§§.▓..▓÷÷...
..≈M§≈§≈≈§§≈§§.▓.▓▓▓...÷
.B...§.§≈≈§§§§§▓..▓.....
....§§§§≈§§§§§.▓........
.....§§≈§.§§§§§▓......©.
.....§§@b°§§§..▓▓▓▓▓▓▓▓▓
...▓.§○.§○.▓§§. .
▓▓§°§§○▓▓ .
...▓≈§§§§..▓...
....≈§§§§§≈≈...
....§§§§§≈≈.≈..
▓▓▓▓▓▓▓▓▓▓▓▓▓▓▓


You could see a royal mummy (frozen) and a bennu.

Vanquished Creatures
  23 pandemonium lords (D)
  3 royal mummies (D)
  An Ice Fiend (D)
  A deep elf master archer (D)
  An eldritch tentacle (D)
  An azure jelly (D)
  A fire giant (D)
  2 balrugs (D)
  A cacodemon (D)
  An emperor scorpion (D)
  A deep elf elementalist (D)
  A bennu (D)
  A spark wasp (D)
  4 merfolk javelineers (D)
  5 merfolk impalers (D)
  7 fire dragons (D)
  A mummy priest (D)
  2 great orbs of eyes (D)
  7 ice dragons (D)
  2 hydras (D)
  A centaur warrior (D)
  A dancing weapon (D)
  7 hell hogs (D)
  2 death scarabs (D)
  2 deep elf knights (D)
  A soul eater (D)
  2 sea snakes (D)
  A sun demon (D)
  A death drake (D)
  2 swamp dragons (D)
  4 deep elf zephyrmancers (D)
  3 deep elf pyromancers (D)
  A harpy (D)
  An orb spider (shapeshifter) (D)
  3 manticores (D)
  A shining eye (D)
  A wolf spider (D)
  A moth of wrath (D)
  2 cyclopes (D)
  2 water nymphs (D)
  2 smoke demons (D)
  A merfolk siren (D)
  5 rime drakes (D)
  2 yaktaurs (D)
  6 efreet (D)
  3 demonic crawlers (D)
  A freezing wraith (D)
  A red devil (D)
  2 polar bears (D)
  7 guardian mummies (D)
  A merfolk (D)
  3 jumping spiders (D)
  A blink frog (D)
  A hornet (D)
  2 snapping turtles (D)
  6 slime creatures (D)
  2 flying skulls (D)
  An air elemental (D)
  2 ynoxinuls (D)
  5 redbacks (D)
  A water elemental (D)
  2 ushabtiu (D)
  2 tarantellas (D)
  5 fire elementals (D)
  2 golden eyes (D)
  2 steam dragons (D)
  2 wyverns (D)
  2 neqoxecs (D)
  4 acid dragons (D)
  2 water moccasins (D)
  A floating eye (D)
  2 hell hounds (D)
  2 orc warriors (D)
  An ice beast (D)
  5 swamp drakes (D)
  A wolf (D)
  4 centaurs (D)
  A bullfrog (D)
  7 jellies (D)
  2 orc priests (D)
  2 iguanas (D)
  An orc wizard (D)
  7 mummies (D)
  2 adders (D)
  A river rat (D)
  An adder zombie (D)
  An orc (D)
  6 endoplasms (D)
  A jackal (D)
  3 ball pythons (D)
  A jackal skeleton (D)
  A quokka skeleton (D)
  3 fire vortices (D)
239 creatures vanquished.

Vanquished Creatures (collateral kills)
  A deep elf archer (D)
  A wyvern (D)
2 creatures vanquished.

Vanquished Creatures (others)
  2 wyverns (D)
2 creatures vanquished.

Grand Total: 243 creatures vanquished

Notes
Turn   | Place    | Note
-------+----------+-------------------------------------------
     0 | D        | mhtbhm the Merfolk Fighter began the quest for the Orb.
     0 | D        | Reached XP level 1. HP: 18/18 MP: 1/1
     0 | D        | Found a blossoming altar of Fedhas.
     1 | D        | Found the +6 Majin-Bo {vamp, MP+6 Int+6}
     1 | D        | Found the +9 heavy crossbow "Sniper" {vorpal, Acc+∞ SInv}
     1 | D        | Found the +10 dark maul {vorpal}
     1 | D        | Found the +15 Maxwell's patent armour {-Cast -Tele rElec
                  | Will+ rCorr}
     1 | D        | Found the +18 shield of the Gong {rElec rN+ Will+ EV-5}
     1 | D        | Found the +14 obsidian axe {vorpal, Drain Fly SInv}
     1 | D        | Found the +7 great mace "Firestarter" {inner flame, rF++}
     1 | D        | Found the +6 shillelagh "Devastator" {shatter}
     1 | D        | Found the +11 plutonium sword {Contam Stlth-}
     1 | D        | Found the +8 lance "Wyrmbane" {slay drac, rPois rF+ rC+
                  | AC+3}
     1 | D        | Found the +9 sword of Zonguldrok {reap}
     1 | D        | Found the +13 scythe of Curses {drain, Drain}
     1 | D        | Found the +5 sword of Power {vorpal}
     1 | D        | Found the +7 mace of Variability {chain chaos}
     1 | D        | Found the +7 Singing Sword {vorpal, sonic wave}
     1 | D        | Found the +8 storm bow {elec, penet}
     1 | D        | Found a shimmering blue altar of Sif Muna.
     1 | D        | Found a sacrificial altar of Ru.
     1 | D        | Found a bloodstained altar of Trog.
     1 | D        | Found a stormy altar of Qazlal.
     1 | D        | Found an iron altar of Okawaru.
     1 | D        | Found a sparkling altar of Nemelex Xobeh.
     3 | D        | Found a transporter.
     3 | D        | Found an ancient bone altar of Kikubaaqudgha.
     3 | D        | Found a viscous altar of Jiyva.
     3 | D        | Found a corrupted altar of Lugonu.
     3 | D        | Found a hazy altar of Hepliaklqana.
     3 | D        | Found a burning altar of Makhleb.
     3 | D        | Found an opulent altar of Gozag.
    64 | D        | Became a worshipper of Qazlal Stormbringer
    77 | D        | Entered arena 2.
    77 | D        | Found a transporter.
    85 | D        | Entered arena 3.
    85 | D        | Found a transporter.
    91 | D        | Reached * piety under Qazlal
    92 | D        | Reached XP level 2. HP: 24/25 MP: 2/2
   115 | D        | Entered arena 4.
   115 | D        | Noticed a water moccasin
   115 | D        | Noticed a water moccasin
   115 | D        | Found a transporter.
   116 | D        | Found the +9 staff of Olgreb {rPois∞}
   118 | D        | Killed a water moccasin
   118 | D        | Reached ** piety under Qazlal
   119 | D        | Reached skill level 5 in Fighting
   119 | D        | Reached skill level 5 in Polearms
   119 | D        | Reached skill level 5 in Shields
   119 | D        | Reached XP level 3. HP: 34/34 MP: 2/5
   119 | D        | Reached XP level 4. HP: 40/40 MP: 2/6
   122 | D        | Reached XP level 5. HP: 43/46 MP: 2/7
   127 | D        | Killed a water moccasin
   128 | D        | Reached skill level 1 in Dodging
   128 | D        | Reached skill level 5 in Invocations
   128 | D        | Reached XP level 6. HP: 47/53 MP: 2/9
   135 | D        | Got the ring of Vialis {Fire rPois Int+7}
   184 | D        | Entered arena 5.
   184 | D        | Noticed a golden eye
   184 | D        | Found a transporter.
   185 | D        | Reached *** piety under Qazlal
   187 | D        | Killed a golden eye
   188 | D        | Reached skill level 5 in Armour
   199 | D        | Got the ring of the Solstice {rN+ Dex+4 Stlth+}
   203 | D        | Entered arena 6.
   203 | D        | Noticed a floating eye
   203 | D        | Noticed a golden eye
   203 | D        | Found a transporter.
   204 | D        | Killed a golden eye
   204 | D        | Reached **** piety under Qazlal
   204 | D        | Paralysed by a floating eye for 3 turns
   205 | D        | Reached skill level 1 in Evocations
   205 | D        | Reached XP level 7. HP: 62/62 MP: 10/12
   216 | D        | Got the Disquisition on Bewitchment
   222 | D        | Got the ring "Arykken" {rF++ rCorr}
   227 | D        | Entered arena 7.
   228 | D        | Found a transporter.
   235 | D        | Reached skill level 10 in Polearms
   236 | D        | Reached ***** piety under Qazlal
   239 | D        | Reached XP level 8. HP: 40/69 MP: 13/13
   280 | D        | Entered arena 8.
   280 | D        | Noticed a deep elf zephyrmancer
   280 | D        | Noticed a deep elf knight
   280 | D        | Noticed an air elemental
   280 | D        | Noticed a deep elf archer
   280 | D        | Noticed a deep elf zephyrmancer
   280 | D        | Noticed a deep elf zephyrmancer
   282 | D        | Paralysed by an air elemental for 1 turns
   283 | D        | Killed a deep elf zephyrmancer
   283 | D        | Killed a deep elf zephyrmancer
   284 | D        | Reached XP level 9. HP: 40/76 MP: 10/16
   286 | D        | Found a transporter.
   297 | D        | Killed a deep elf zephyrmancer
   300 | D        | Killed a deep elf knight
   301 | D        | Reached skill level 10 in Invocations
   303 | D        | Killed a deep elf archer
   307 | D        | Got the Grimoire of Shifting Heat
   444 | D        | Entered arena 9.
   449 | D        | Reached XP level 10. HP: 85/85 MP: 16/18
   450 | D        | Reached ****** piety under Qazlal
   453 | D        | Reached skill level 10 in Fighting
   459 | D        | Found a transporter.
   470 | D        | Entered arena 10.
   471 | D        | Found a transporter.
   485 | D        | Reached skill level 1 in Stealth
   505 | D        | Got the amulet "Jixkeabu" {Acrobat rPois rN+}
   649 | D        | Entered arena 11.
   649 | D        | Noticed an orb spider
   649 | D        | Noticed a deep elf zephyrmancer
   649 | D        | Noticed a deep elf pyromancer
   649 | D        | Noticed a deep elf pyromancer
   649 | D        | Noticed a deep elf pyromancer
   649 | D        | Noticed a +0 vampiric long sword
   649 | D        | Noticed a deep elf knight
   649 | D        | Noticed a deep elf elementalist
   650 | D        | Found a transporter.
   651 | D        | Killed a deep elf pyromancer
   651 | D        | Killed a deep elf pyromancer
   651 | D        | Killed a +0 vampiric long sword
   652 | D        | Reached XP level 11. HP: 92/92 MP: 11/20
   652 | D        | Killed a deep elf elementalist
   652 | D        | Killed a deep elf zephyrmancer
   652 | D        | Killed a deep elf knight
   652 | D        | Killed a deep elf pyromancer
   652 | D        | Killed an orb spider
   653 | D        | Reached skill level 15 in Polearms
   653 | D        | Reached skill level 15 in Shields
   667 | D        | Got the ring of Eternity {rF+ rN+ rCorr Int-5}
   754 | D        | Entered arena 12.
   754 | D        | Noticed a centaur warrior
   754 | D        | Noticed a cyclops
   755 | D        | Noticed a deep elf master archer
   755 | D        | Identified the ring of the Eagle {Will+ Str+3 Dex-2 Slay+3}
   755 | D        | Noticed a cyclops
   756 | D        | Identified the +5 long sword "Gunutaij" {vorpal, Contam rC+
                  | rN+}
   756 | D        | Found a transporter.
   757 | D        | Killed a cyclops
   757 | D        | Killed a centaur warrior
   765 | D        | Killed a deep elf master archer
   766 | D        | Reached skill level 15 in Invocations
   766 | D        | Reached XP level 12. HP: 66/101 MP: 15/23
   786 | D        | Got the Guide on Ashen Attacks
   899 | D        | Entered arena 13.
   899 | D        | Noticed an Ice Fiend
   899 | D        | Noticed Evueko Woewk the pandemonium lord
   899 | D        | Noticed a balrug
   899 | D        | Noticed Yloth the pandemonium lord
   899 | D        | Noticed a soul eater
   899 | D        | Noticed Giotoh the pandemonium lord
   900 | D        | Noticed a sun demon
   901 | D        | Killed a sun demon
   901 | D        | Killed a balrug
   902 | D        | Killed Evueko Woewk the pandemonium lord
   902 | D        | Killed an Ice Fiend
   903 | D        | Reached XP level 13. HP: 102/109 MP: 2/27
   904 | D        | Killed Giotoh the pandemonium lord
   911 | D        | Noticed an iron dragon
   912 | D        | Killed Yloth the pandemonium lord
   923 | D        | Found the +8 demon blade "Leech" {vamp, *Rage +Rage rN+}
   934 | D        | Found a transporter.
  1030 | D        | Entered arena 14.
  1031 | D        | Noticed a fire dragon
  1031 | D        | Noticed a fire dragon
  1033 | D        | Killed a fire dragon
  1033 | D        | Killed a fire dragon
  1034 | D        | Reached XP level 14. HP: 118/118 MP: 21/29
  1034 | D        | Found a transporter.
  1081 | D        | Got the ring "Hyolowoe" {+Blink Str-2 Int+6 Stlth+}
  1097 | D        | Acquired a +1 hat
  1189 | D        | Entered arena 15.
  1245 | D        | Found a transporter.
  1479 | D        | Entered arena 16.
  1480 | D        | Identified the amulet of Totadieng {Reflect Int+3 SH+5}
  1481 | D        | Identified the +3 great mace of a bazaar {protect, rC+
                  | SInv}
  1481 | D        | Noticed a fire giant
  1482 | D        | Killed a fire giant
  1483 | D        | Reached skill level 5 in Dodging
  1484 | D        | Found a transporter.
  1541 | D        | Entered arena 17.
  1544 | D        | Noticed an azure jelly
  1546 | D        | Killed an azure jelly
  1547 | D        | Reached skill level 10 in Armour
  1554 | D        | Found a transporter.
  1568 | D        | Got the ring "Libeonimm" {Wiz *Corrode +Blink rF+ rN+}
  1570 | D        | Got the Collected Works on Transmigration and the Traveller
  1579 | D        | Got Sif Muna's Disquisition on Displacement and Fire
  1608 | D        | Entered arena 18.
  1611 | D        | Noticed an emperor scorpion
  1612 | D        | Found the +4 dagger "Morg" {pain, Will+ Int+5}
  1612 | D        | Killed an emperor scorpion
  1615 | D        | Found a transporter.
  1651 | D        | Got the ring "Locvol" {EV+4 Int+4 Dex+2}
  1700 | D        | Entered arena 19.
  1717 | D        | Reached XP level 15. HP: 78/125 MP: 25/31
  1723 | D        | Reached skill level 5 in Stealth
  1730 | D        | Found the amulet of Vitality {Regen+ HP+15}
  1730 | D        | Found the +8 demon trident "Rift" {distort, reach+}
  1753 | D        | Found a transporter.
  1940 | D        | Entered arena 20.
  1945 | D        | Identified the +4 flail of Wounding {venom, Str+3 Stlth+}
  1950 | D        | Found a transporter.
  2081 | D        | Entered arena 21.
  2084 | D        | Noticed Dupuv the pandemonium lord
  2084 | D        | Noticed Hoce the pandemonium lord
  2085 | D        | Noticed Kosos the pandemonium lord
  2085 | D        | Noticed Umoifras the pandemonium lord
  2085 | D        | Noticed a cacodemon
  2086 | D        | Noticed Wehytefy the pandemonium lord
  2086 | D        | Noticed Hileruxu the pandemonium lord
  2086 | D        | Noticed Jaguac the pandemonium lord
  2086 | D        | Noticed Bybiwyra the pandemonium lord
  2086 | D        | Noticed Iciurch the pandemonium lord
  2086 | D        | Noticed Pim Dupy the pandemonium lord
  2086 | D        | Noticed Uzuygg the pandemonium lord
  2086 | D        | Noticed Idittalips the pandemonium lord
  2086 | D        | Noticed Myxkui the pandemonium lord
  2087 | D        | Noticed Ruqagh the pandemonium lord
  2087 | D        | Killed Hoce the pandemonium lord
  2087 | D        | Killed Pim Dupy the pandemonium lord
  2087 | D        | Killed Wehytefy the pandemonium lord
  2087 | D        | Killed Bybiwyra the pandemonium lord
  2087 | D        | Killed Kosos the pandemonium lord
  2087 | D        | Killed a cacodemon
  2087 | D        | Noticed Yriomudu the pandemonium lord
  2087 | D        | Noticed Nemy the pandemonium lord
  2087 | D        | Noticed Qugelu the pandemonium lord
  2088 | D        | Reached skill level 27 in Invocations
  2088 | D        | Reached XP level 16. HP: 78/138 MP: 25/33
  2088 | D        | Killed Umoifras the pandemonium lord
  2088 | D        | Killed Dupuv the pandemonium lord
  2088 | D        | Killed Jaguac the pandemonium lord
  2088 | D        | Killed Uzuygg the pandemonium lord
  2088 | D        | Noticed Qumpoosk the pandemonium lord
  2089 | D        | Reached skill level 5 in Evocations
  2090 | D        | Killed Nemy the pandemonium lord
  2090 | D        | Killed Yriomudu the pandemonium lord
  2090 | D        | Killed Hileruxu the pandemonium lord
  2090 | D        | Killed Myxkui the pandemonium lord
  2090 | D        | Killed Ruqagh the pandemonium lord
  2091 | D        | Reached skill level 15 in Stealth
  2091 | D        | Reached XP level 17. HP: 86/151 MP: 5/34
  2093 | D        | Killed Unkede the pandemonium lord
  2093 | D        | Killed Qumpoosk the pandemonium lord
  2094 | D        | Reached skill level 27 in Shields
  2095 | D        | Killed Iciurch the pandemonium lord
  2095 | D        | Identified the +9 mace "Rast" {venom, rC+ rN+ rCorr Str-3}
  2096 | D        | Reached skill level 15 in Armour
  2097 | D        | Killed Idittalips the pandemonium lord
  2100 | D        | Noticed Qutiduag the pandemonium lord
  2101 | D        | Killed Qugelu the pandemonium lord
  2115 | D        | Killed Qutiduag the pandemonium lord
  2119 | D        | Found the +7 Spriggan's Knife {stab, EV+4 Stlth+}
  2120 | D        | Found a transporter.
  2131 | D        | Got the Tome of Transformation
  2152 | D        | Got the ring "Satwelyl" {rElec rC- EV+4 Int-3 SInv}
  2406 | D        | Entered arena 22.
  2410 | D        | Identified the +0 troll leather armour of a Labyrinth
                  | {Will++ Regen+}
  2410 | D        | Noticed a royal mummy
  2410 | D        | Noticed a royal mummy
  2410 | D        | Noticed a royal mummy
  2410 | D        | Noticed a royal mummy
  2411 | D        | Identified the +6 shortbow "Igaofom" {venom, rN+}
  2412 | D        | Reached skill level 10 in Dodging
  2415 | D        | HP: 2/156 [royal mummy/divine providence (14)]
  2417 | D        | Killed a royal mummy
  2417 | D        | Killed a royal mummy
  2417 | D        | Killed a royal mummy
  2417 | D        | Killed by a royal mummy's death curse

Illustrated notes

Levels and vault maps discovered:
D:        sprint_v [room_start, room_1, room_2, room_3, room_4, room_5, room_6,
          room_7, room_8, room_9, room_10, room_11, room_12, room_13, room_14,
          room_15, room_16, room_17, room_18, room_19, room_20, room_21,
          room_22, room_23, room_24, room_25, room_26, room_27]

Skill      XL: |  1  2  3  4  5  6  7  8  9 10 11 12 13 14 15 16 17 |
---------------+----------------------------------------------------+-----
Fighting       | 4 5 6 8 9 10 11 12 13 16 18 20 | 20.4
Shields        | 5 6 7 8 9 11 12 14 16 18 20 22 24 26 27 | 27.0
Polearms       | 5 6 9 10 11 13 14 15 16 17 19 22 25 | 25.0
Armour         | 3 4 5 6 7 8 9 10 12 14 16 | 16.2
Invocations    | 3 5 6 7 9 10 12 15 20 23 25 27 | 27.0
Dodging        | 1 2 4 6 7 8 10 | 10.0
Evocations     | 1 2 3 4 5 6 |  6.6
Stealth        | 1 2 4 11 15 19 | 19.2

Action                   |  1- 3 |  4- 6 |  7- 9 | 10-12 | 13-15 | 16-18 || total
-------------------------+-------+-------+-------+-------+-------+-------++-------
Melee: Lance             |    11 |    15 |    45 |    38 |    91 |     9 ||   209
Invok: Upheaval          |       |       |     1 |     1 |       |       ||     2
       Elemental Force   |       |       |     1 |       |     1 |       ||     2
       Disaster Area     |       |       |       |     6 |     8 |     8 ||    22
Evoke: Wand              |       |     4 |     2 |       |       |       ||     6
       Condenser vane    |       |       |       |       |     1 |     1 ||     2
  Use: Potion            |       |       |     1 |       |     9 |     8 ||    18
       Scroll            |       |       |       |       |     1 |       ||     1
 Stab: Paralysed         |       |       |     1 |       |       |       ||     1
       Invisible         |       |       |       |       |     3 |       ||     3
Armor: Plate armour      |     9 |     8 |    12 |    19 |    41 |    17 ||   106
Dodge: Dodged            |       |       |     1 |     5 |    18 |     6 ||    30
       Repelled          |       |       |       |     1 |       |       ||     1
Block: Kite shield       |    22 |    21 |    53 |    63 |   160 |    33 ||   352
       Reflection        |       |       |       |       |     1 |       ||     1

Table legend: (Time is in decaauts)
 A = Elapsed time spent in this place.
 B = Non-inter-level travel time spent in this place.
 C = Inter-level travel time spent in this place.
 D = Time resting spent in this place.
 E = Time spent auto-exploring this place.
 F = Levels seen in this place.
 G = Mean time per level.
                   A        B        C        D        E       F      G
               +--------+--------+--------+--------+--------+-----+--------+
         Total |   2318 |   2318 |      0 |   1309 |      0 |   1 | 2318.0 |
       Dungeon |   2318 |   2318 |      0 |   1309 |      0 |   1 | 2318.0 |
               +--------+--------+--------+--------+--------+-----+--------+

Top non-repeatable levels by time:
       D: 2318 daAuts
